 Dungeon Sprint DCSS version 0.17-a0-1718-g72dbe4d (webtiles) character file.

80096 Kidiri the Imperceptible (level 14, 0/59 HPs)
             Began as a Spriggan Enchanter on Aug 26, 2015.
             Was the Champion of Dithmenos.
             Shot with an arrow by a deep elf master archer (36 damage)
             ... in the Dungeon (Sprint III: "The Ten Rune Challenge").
             The game lasted 00:35:51 (6710 turns).

Kidiri the Imperceptible (Spriggan Enchanter)       Turns: 6710, Time: 00:35:51

Health: 0/59       AC:  6    Str:  4    XL:     14   Next: 25%
Magic:  32/38      EV: 37    Int: 19    God:    Dithmenos [******]
Gold:   3165       SH:  0    Dex: 19    Spells: 14 memorised, 4 levels left

rFire  . . .     SeeInvis +     w - +4 rapier (venom)
rCold  . . .     Clarity  +     b - +1 robe
rNeg   . . .     SustAt   .     (shield restricted)
rPois  .         Gourm    .     t - +2 hat {SInv}
rElec  .         Spirit   .     l - +0 cloak
rCorr  .         Warding  .     (gloves unavailable)
rMut   .         NoTele   +     (boots unavailable)
MR     ++...                    (no amulet)
Stlth  ++++++++++               (no ring)
                                (no ring)

@: wreathed by umbra, very quick, very resistant to hostile enchantments,
uncannily stealthy
A: unfitting armour, fangs 1, horns 2, see invisible, clarity, herbivore 3,
speed 3, slow metabolism 2, spit poison 1, MP-powered wands
a: Spit Poison, Shadow Step, Shadow Form, Renounce Religion
}: 2/10 runes: serpentine, barnacled


You were in the Dungeon.
You worshipped Dithmenos.
Dithmenos was exalted by your worship.
You were not hungry.

You visited 1 branch You collected 3861 gold pieces.
You spent 696 gold pieces at shops.

Inventory:

Hand weapons
 w - a +4 rapier of venom (weapon)
 x - the +6 rapier of Omiselobb {antimagic, +Fly rC- Int+3 SInv}
   (You found it in the Dungeon)

   It disrupts the flow of magical energy around spellcasters and certain
   magical creatures (including the wielder).
   It affects your intelligence (+3).
   It makes you vulnerable to cold.
   It lets you see invisible.
   It lets you fly.
Missiles
 m - 9 throwing nets (quivered)
Armour
 b - a +1 robe (worn)
 l - a +0 cloak (worn)
 t - a +2 hat of see invisible (worn)
Magical devices
 u - a wand of magic darts (18)
Scrolls
 a - 3 scrolls of identify
 j - 2 scrolls of blinking
 n - 2 scrolls of remove curse
 r - 3 scrolls of holy word
Potions
 c - a potion of brilliance
 d - a potion of lignification
 e - a potion of curing
 f - a potion of heal wounds
 g - a potion of haste
 i - a potion of berserk rage
 k - 2 potions of might
 p - 3 potions of cure mutation
 q - 3 potions of flight
Books
 h - a book of Clouds

   Spells                             Type                      Level
   a - Mephitic Cloud                 Conjuration/Poison/Air       3
   b - Conjure Flame                  Conjuration/Fire             3
   c - Poisonous Cloud                Conjuration/Poison/Air       6
   d - Freezing Cloud                 Conjuration/Ice/Air          6
   e - Ring of Flames                 Charms/Fire                  7
Comestibles
 o - 25 royal jellies
 s - 10 fruits


   Skills:
 + Level 13.1 Short Blades
 * Level 21.9 Dodging
 * Level 23.5 Stealth
 * Level 19.0 Spellcasting
 + Level 9.1 Conjurations
 + Level 14.4 Hexes
 + Level 14.0 Transmutations
 + Level 10.4 Ice Magic
 + Level 2.2 Air Magic
 + Level 10.6 Earth Magic
 + Level 2.4 Poison Magic
 - Level 2.3 Invocations


You had 4 spell levels left.
You knew the following spells:

 Your Spells              Type           Power        Failure   Level  Hunger
a - Corona                Hex            ######.      0%          1    None
b - Ensorcelled Hibernat  Hex/Ice        ######       1%          2    None
c - Confuse               Hex            ######..     1%          3    None
d - Tukima's Dance        Hex            ######..     1%          3    None
e - Dazzling Spray        Conj/Hex       ######..     1%          3    None
f - Stoneskin             Trmt/Erth      ######..     1%          2    None
g - Stone Arrow           Conj/Erth      ######       1%          3    None
h - Passwall              Trmt/Erth      ######....   1%          3    None
i - Petrify               Trmt/Erth      ######..     1%          4    None
j - Lee's Rapid Deconstr  Erth           ######....   1%          5    ##.....
k - Condensation Shield   Ice            ######....   1%          4    None
l - Irradiate             Conj/Trmt      ######....   1%          5    ##.....
m - Mephitic Cloud        Conj/Pois/Air  #####...     1%          3    None
n - Freezing Cloud        Conj/Ice/Air   #####.....   24%         6    ####...


Dungeon Overview and Level Annotations

Branches:
Dungeon (1/1)

Altars:
Cheibriados
Dithmenos
Elyvilon
Fedhas
Gozag
Kikubaaqudgha
Makhleb
Nemelex Xobeh
Okawaru
Qazlal
Ru
Sif Muna
Trog
Vehumet
Xom
Yredelemnul
Zin
The Shining One
Jiyva
Lugonu

Shops:
D :(%:(!:%[%}(?:(=}?!


Innate Abilities, Weirdness & Mutations

You are tiny and cannot use many weapons and most armour.
You have supernaturally acute eyesight.
You are a herbivore.
You cover ground extremely quickly.
You need consume almost no food.
You have very sharp teeth.
You have a pair of horns on your head.
You possess an exceptional clarity of mind.
You can spit weak poison.
You expend magic power (3 MP) to strengthen your wands.


Message History

The shadow shard hits the deep elf master archer.
The deep elf master archer is engulfed in freezing vapours.
The deep elf master archer shoots an arrow.
The arrow hits you!!
Ouch! That really hurt!
You emit a cloud of dark smoke.
You start resting.
Magic restored.
You see here an arrow.
Casting: Stone Arrow
Confirm with . or Enter, or press ? or * to list all spells.
The spell is very dangerous to cast!
Continue anyway?
Aiming: Freezing Cloud
Press: ? - help, Dir - move target cursor, f/p - deep elf master archer
Aim: a deep elf master archer, wielding a longbow and wearing a glowing ring mail (moderately wounded, umbra)
The deep elf master archer is engulfed in freezing vapours.
The deep elf master archer shoots an arrow.
The arrow hits you!!!
Ouch! That really hurt!
You die...

▓▓▓▓▓▓ #### ##.#..####### ###
##.###..#..'[#(..# ...'
#.........##.#..(##§§§≈#
#..[.......#.#.)(≈≈§e§..
#........###.#(.@##≈≈≈≈#
#.∩###..##.#.'...# ...e
#.###.###.######## ###
#'###########################
#....#)#)#.....#......+...≈≈#
##.#.)#.##)###.#......#...≈≈###
'##.#.#.##.#).##......#...≈≈≈≈#
#...#..#..##.[+.......#...≈≈≈≈#
▓▓▓▓▓▓▓▓▓▓▓▓▓▓#.......#.......#


You could see a deep elf master archer.

Vanquished Creatures
  Rupert (D)
  Frances (D)
  A kraken (D)
  Gastronok (D)
  A greater naga (D)
  Maud (D)
  Wiglaf (D)
  2 dire elephants (D)
  A deep elf annihilator (D)
  2 deep elf demonologists (D)
  A fire dragon (D)
  Erolcha (D)
  2 deep elf high priests (D)
  2 hydras (D)
  A centaur warrior (D)
  A naga warrior (D)
  10 anacondas (D)
  3 alligator snapping turtles (D)
  4 dancing weapons (D)
  4 death yaks (D)
  A deep elf knight (D)
  2 deep elf summoners (D)
  A hill giant (shapeshifter) (D)
  A death drake (D)
  A lindwurm (D)
  A spriggan druid (D)
  A deep elf conjurer (D)
  A guardian serpent (D)
  2 elephants (D)
  2 spiny frogs (D)
  An orange crystal statue (D)
  5 black mambas (D)
  A komodo dragon (D)
  A fire drake (D)
  A queen bee (D)
  A deep elf priest (D)
  4 spriggan defenders (D)
  3 wandering mushrooms (D)
  3 orc high priests (D)
  2 slime creatures (D)
  3 snapping turtles (D)
  8 blink frogs (D)
  2 trapdoor spiders (D)
  4 redbacks (D)
  2 spriggans (D)
  A shadow (D)
  A spatial vortex (D)
  2 nagas (D)
  2 hill giants (D)
  2 water moccasins (D)
  A necrophage (D)
  A swamp drake (D)
  An orc warrior (D)
  3 two-headed ogres (D)
  2 brain worms (D)
  A scorpion (D)
  A water elemental (D)
  An electric eel (D)
  32 killer bees (D)
  A jelly (D)
  A wizard (D)
  4 orc priests (D)
  An orc wizard (D)
  A necromancer (D)
  A kobold demonologist (D)
  3 humans (D)
  2 oozes (D)
  11 orcs (D)
  A bat (D)
  2 rats (D)
  A fungus (D)
  2 plants (D)
  3 tentacles (D)
180 creatures vanquished.

Vanquished Creatures (collateral kills)
  A skeletal warrior (D)
  A deep elf priest (D)
  An orc warrior (D)
3 creatures vanquished.

Vanquished Creatures (others)
  2 draconian scorchers (D)
  2 yaktaurs (D)
  2 fungi (D)
  3 plants (D)
  12 tentacles (D)
  186 tentacle segments (D)
207 creatures vanquished.

Grand Total: 390 creatures vanquished

Notes
Turn   | Place    | Note
--------------------------------------------------------------
     0 | D        | Kidiri the Spriggan Enchanter began the quest for the Orb.
     0 | D        | Reached XP level 1. HP: 9/9 MP: 5/5
     4 | D        | Reached skill level 5 in Stealth
     7 | D        | Reached XP level 2. HP: 13/13 MP: 5/7
    11 | D        | Learned a level 2 spell: Ensorcelled Hibernation
    84 | D        | Reached skill level 6 in Stealth
    84 | D        | Reached XP level 3. HP: 13/16 MP: 0/9
   112 | D        | Killed a yaktaur
   135 | D        | Learned a level 3 spell: Confuse
   139 | D        | Learned a level 3 spell: Tukima's Dance
   169 | D        | Noticed a scorpion
   175 | D        | Killed a white draconian scorcher
   176 | D        | Killed a scorpion
   176 | D        | Reached skill level 7 in Stealth
   176 | D        | Reached skill level 5 in Spellcasting
   176 | D        | Reached skill level 1 in Ice Magic
   176 | D        | Reached XP level 4. HP: 21/21 MP: 9/12
   197 | D        | Gained mutation: You have very sharp teeth. [potion of mutation]
   197 | D        | Gained mutation: You are weak. (Str -2) [potion of mutation]
   197 | D        | Lost mutation: You are weak. (Str -2) [potion of mutation]
   198 | D        | Gained mutation: You possess an exceptional clarity of mind. [potion of mutation]
   198 | D        | Gained mutation: You can spit weak poison. [potion of mutation]
   208 | D        | Learned a level 3 spell: Dazzling Spray
   208 | D        | Killed a white draconian scorcher
   242 | D        | Noticed a water elemental
   256 | D        | Killed a water elemental
   256 | D        | Reached skill level 8 in Stealth
   256 | D        | Reached skill level 5 in Hexes
   347 | D        | Noticed a jelly
   348 | D        | Noticed a shadow
   350 | D        | Killed a shadow
   350 | D        | Reached skill level 10 in Stealth
   350 | D        | Reached skill level 1 in Conjurations
   350 | D        | Reached XP level 5. HP: 24/24 MP: 14/16
   350 | D        | Reached XP level 6. HP: 28/28 MP: 14/17
   354 | D        | Killed a jelly
   399 | D        | Found a stormy altar of Qazlal.
   400 | D        | Found a sacrificial altar of Ru.
   400 | D        | Found a burning altar of Makhleb.
   400 | D        | Found a viscous altar of Jiyva.
   400 | D        | Found a shimmering altar of Xom.
   400 | D        | Found a shadowy altar of Dithmenos.
   400 | D        | Found a sparkling altar of Nemelex Xobeh.
   400 | D        | Found a corrupted altar of Lugonu.
   400 | D        | Found an opulent altar of Gozag.
   400 | D        | Noticed a spatial vortex
   404 | D        | Became a worshipper of Dithmenos the Shadowed
   405 | D        | Killed a spatial vortex
   405 | D        | Reached skill level 5 in Short Blades
   405 | D        | Reached skill level 11 in Stealth
   405 | D        | Reached skill level 1 in Invocations
   430 | D        | Found a radiant altar of Vehumet.
   431 | D        | Found a deep blue altar of Sif Muna.
   431 | D        | Found an ancient bone altar of Kikubaaqudgha.
   431 | D        | Noticed a wizard
   432 | D        | Killed a wizard
   432 | D        | Reached skill level 10 in Dodging
   450 | D        | Learned a level 2 spell: Stoneskin
   454 | D        | Learned a level 3 spell: Stone Arrow
   458 | D        | Learned a level 3 spell: Passwall
   463 | D        | Found a glowing silver altar of Zin.
   464 | D        | Found a glowing golden altar of the Shining One.
   464 | D        | Found a white marble altar of Elyvilon.
   464 | D        | Noticed a deep elf priest
   471 | D        | Killed a deep elf priest
   471 | D        | Reached skill level 1 in Transmutations
   471 | D        | Reached skill level 1 in Earth Magic
   471 | D        | Reached XP level 7. HP: 27/32 MP: 4/20
   572 | D        | Learned a level 4 spell: Petrify
   572 | D        | Found an iron altar of Okawaru.
   573 | D        | Found a bloodstained altar of Trog.
   573 | D        | Noticed a human
   573 | D        | Noticed a human
   575 | D        | Killed a human
   575 | D        | Reached skill level 12 in Stealth
   576 | D        | Killed a human
   576 | D        | Acquired Dithmenos's first power
   597 | D        | Found a snail-covered altar of Cheibriados.
   597 | D        | Noticed a necrophage
   598 | D        | Found a basalt altar of Yredelemnul.
   598 | D        | Found a blossoming altar of Fedhas.
   598 | D        | Noticed a necromancer
   599 | D        | Killed a necrophage
   599 | D        | Reached XP level 8. HP: 36/36 MP: 22/22
   600 | D        | Killed a necromancer
   620 | D        | Noticed a two-headed ogre
   620 | D        | Noticed a two-headed ogre
   624 | D        | Killed a two-headed ogre
   626 | D        | Killed a two-headed ogre
   626 | D        | Reached skill level 10 in Spellcasting
   630 | D        | Noticed a two-headed ogre
   631 | D        | Killed a two-headed ogre
   631 | D        | Acquired Dithmenos's second power
   631 | D        | Reached skill level 13 in Stealth
   636 | D        | Noticed a hill giant
   639 | D        | Killed a hill giant
   645 | D        | Noticed a hill giant
   645 | D        | Noticed Erolcha
   647 | D        | Killed Erolcha
   647 | D        | Reached skill level 14 in Stealth
   647 | D        | Reached skill level 5 in Transmutations
   647 | D        | Reached XP level 9. HP: 39/39 MP: 22/25
   648 | D        | Killed a hill giant
   648 | D        | Acquired Dithmenos's third power
   659 | D        | Learned a level 5 spell: Lee's Rapid Deconstruction
   730 | D        | Noticed a redback
   733 | D        | Killed a redback
   733 | D        | Reached skill level 5 in Ice Magic
   754 | D        | Noticed a trapdoor spider
   755 | D        | Killed a trapdoor spider
   793 | D        | Noticed a trapdoor spider
   796 | D        | Killed a trapdoor spider
   839 | D        | Noticed a killer bee
   839 | D        | Noticed a killer bee
   839 | D        | Noticed a killer bee
   839 | D        | Noticed a killer bee
   839 | D        | Noticed a killer bee
   839 | D        | Noticed a killer bee
   839 | D        | Noticed a killer bee
   839 | D        | Noticed a killer bee
   839 | D        | Noticed a killer bee
   839 | D        | Noticed a killer bee
   839 | D        | Noticed a queen bee
   839 | D        | Noticed a killer bee
   839 | D        | Noticed a killer bee
   839 | D        | Noticed a killer bee
   839 | D        | Noticed a killer bee
   840 | D        | Noticed a killer bee
   840 | D        | Noticed a killer bee
   840 | D        | Noticed a killer bee
   840 | D        | Noticed a killer bee
   840 | D        | Noticed a killer bee
   840 | D        | Noticed a killer bee
   840 | D        | Noticed a killer bee
   840 | D        | Noticed a killer bee
   840 | D        | Noticed a killer bee
   840 | D        | Noticed a killer bee
   840 | D        | Noticed a killer bee
   840 | D        | Noticed a killer bee
   840 | D        | Noticed a killer bee
   840 | D        | Noticed a killer bee
   840 | D        | Noticed a killer bee
   840 | D        | Noticed a killer bee
   840 | D        | Noticed a killer bee
   840 | D        | Noticed a killer bee
   843 | D        | Killed a killer bee
   849 | D        | Killed a killer bee
   854 | D        | Killed a killer bee
   856 | D        | Killed a killer bee
   856 | D        | Acquired Dithmenos's fourth power
   858 | D        | Killed a killer bee
   860 | D        | Killed a killer bee
  1004 | D        | Killed a killer bee
  1006 | D        | Killed a killer bee
  1010 | D        | Killed a killer bee
  1014 | D        | Killed a killer bee
  1016 | D        | Killed a killer bee
  1018 | D        | Killed a killer bee
  1020 | D        | Killed a killer bee
  1158 | D        | Killed a killer bee
  1160 | D        | Killed a killer bee
  1163 | D        | Killed a killer bee
  1163 | D        | Reached skill level 15 in Stealth
  1166 | D        | Killed a killer bee
  1168 | D        | Killed a killer bee
  1172 | D        | Killed a killer bee
  1174 | D        | Killed a killer bee
  1176 | D        | Killed a killer bee
  1178 | D        | Killed a killer bee
  1180 | D        | Killed a killer bee
  1426 | D        | Killed a killer bee
  1430 | D        | Killed a killer bee
  1432 | D        | Killed a killer bee
  1434 | D        | Killed a killer bee
  1434 | D        | Reached XP level 10. HP: 44/44 MP: 21/27
  1439 | D        | Killed a killer bee
  1443 | D        | Killed a killer bee
  1445 | D        | Killed a killer bee
  1455 | D        | Killed a queen bee
  1466 | D        | Killed a killer bee
  1466 | D        | Reached skill level 5 in Earth Magic
  1479 | D        | Killed a killer bee
  1520 | D        | Learned a level 4 spell: Condensation Shield
  1627 | D        | Noticed a wandering mushroom
  1628 | D        | Noticed a wandering mushroom
  1628 | D        | Noticed a wandering mushroom
  1630 | D        | Killed a wandering mushroom
  1635 | D        | Killed a wandering mushroom
  1637 | D        | Killed a wandering mushroom
  1637 | D        | Reached skill level 5 in Conjurations
  1685 | D        | Noticed a spiny frog
  1685 | D        | Noticed a komodo dragon
  1685 | D        | Noticed a spiny frog
  1688 | D        | Killed a spiny frog
  1688 | D        | Reached skill level 16 in Stealth
  1689 | D        | Killed a komodo dragon
  1691 | D        | Killed a spiny frog
  1698 | D        | Noticed a redback
  1700 | D        | Killed a redback
  1701 | D        | Noticed a brain worm
  1704 | D        | Killed a brain worm
  1704 | D        | Reached skill level 15 in Dodging
  1707 | D        | Noticed a brain worm
  1709 | D        | Killed a brain worm
  1714 | D        | Noticed a lindwurm
  1716 | D        | Noticed a redback
  1717 | D        | Killed a lindwurm
  1717 | D        | Reached skill level 10 in Hexes
  1719 | D        | Killed a redback
  1723 | D        | Noticed a redback
  1724 | D        | Killed a redback
  1725 | D        | Noticed Maud
  1728 | D        | Killed Maud
  1728 | D        | Reached skill level 17 in Stealth
  1728 | D        | Reached XP level 11. HP: 47/47 MP: 27/29
  1732 | D        | Gained mutation: You have a pair of small horns on your head. [potion of mutation]
  1732 | D        | Gained mutation: You expend magic power (3 MP) to strengthen your wands. [potion of mutation]
  1732 | D        | Gained mutation: You have a pair of horns on your head. [potion of mutation]
  1739 | D        | Noticed an electric eel
  1740 | D        | Noticed a four-headed hydra
  1740 | D        | Noticed a five-headed hydra
  1744 | D        | Killed an electric eel
  1746 | D        | Killed a four-headed hydra
  1747 | D        | Killed a five-headed hydra
  1786 | D        | Noticed a death drake
  1789 | D        | Killed a death drake
  1796 | D        | Found a blossoming altar of Fedhas.
  1796 | D        | Noticed a spriggan
  1796 | D        | Noticed a spriggan druid
  1796 | D        | Noticed a spriggan
  1800 | D        | Killed a spriggan druid
  1803 | D        | Killed a spriggan
  1804 | D        | Killed a spriggan
  1819 | D        | Killed a yaktaur
  1833 | D        | Learned a level 5 spell: Irradiate
  1866 | D        | Noticed a black mamba
  1866 | D        | Noticed an anaconda
  1866 | D        | Noticed an anaconda
  1868 | D        | Killed a black mamba
  1868 | D        | Reached skill level 18 in Stealth
  1869 | D        | Noticed an anaconda
  1870 | D        | Killed an anaconda
  1873 | D        | Killed an anaconda
  1877 | D        | Killed an anaconda
  1893 | D        | Noticed a black mamba
  1893 | D        | Noticed an anaconda
  1893 | D        | Noticed a black mamba
  1893 | D        | Noticed an anaconda
  1893 | D        | Noticed a water moccasin
  1895 | D        | Killed an anaconda
  1895 | D        | Reached skill level 10 in Short Blades
  1895 | D        | Reached skill level 10 in Transmutations
  1896 | D        | Killed a black mamba
  1897 | D        | Killed a black mamba
  1897 | D        | Reached skill level 15 in Spellcasting
  1902 | D        | Killed an anaconda
  1912 | D        | Killed a water moccasin
  2026 | D        | Noticed an anaconda
  2026 | D        | Noticed an anaconda
  2026 | D        | Noticed an anaconda
  2026 | D        | Noticed a water moccasin
  2026 | D        | Noticed an anaconda
  2026 | D        | Noticed an anaconda
  2029 | D        | Killed an anaconda
  2029 | D        | Reached skill level 19 in Stealth
  2029 | D        | Reached XP level 12. HP: 51/51 MP: 29/32
  2031 | D        | Killed an anaconda
  2053 | D        | Killed an anaconda
  2057 | D        | Killed an anaconda
  2059 | D        | Killed a water moccasin
  2134 | D        | Killed an anaconda
  2170 | D        | Noticed a naga
  2170 | D        | Noticed a naga
  2171 | D        | Noticed a naga warrior
  2171 | D        | Noticed a greater naga
  2171 | D        | Found Mig Hapi's Book Shop.
  2171 | D        | Found Kakuew's Antique Weapon Shoppe.
  2171 | D        | Found Zyetish's Distillery.
  2172 | D        | Killed a naga
  2173 | D        | Killed a naga
  2175 | D        | Killed a naga warrior
  2176 | D        | Killed a greater naga
  2192 | D        | Noticed a guardian serpent
  2194 | D        | Killed a guardian serpent
  2194 | D        | Reached skill level 20 in Stealth
  2197 | D        | Got a serpentine rune of Zot
  2396 | D        | Noticed a swamp drake
  2396 | D        | Noticed a fire drake
  2397 | D        | Killed a fire drake
  2399 | D        | Killed a swamp drake
  2405 | D        | Noticed a blink frog
  2405 | D        | Noticed a blink frog
  2405 | D        | Noticed a blink frog
  2406 | D        | Noticed a blink frog
  2406 | D        | Noticed a blink frog
  2408 | D        | Killed a blink frog
  2409 | D        | Killed a blink frog
  2412 | D        | Killed a blink frog
  2416 | D        | Killed a blink frog
  2417 | D        | Killed a blink frog
  2486 | D        | Noticed Rupert
  2539 | D        | Killed Rupert
  2694 | D        | Noticed a death yak
  2695 | D        | Noticed a death yak
  2695 | D        | Noticed a blink frog
  2696 | D        | Noticed an azure jelly
  2696 | D        | Noticed a death yak
  2696 | D        | Noticed an azure jelly
  2696 | D        | Noticed a blink frog
  2696 | D        | Noticed a death yak
  2697 | D        | Killed a death yak
  2698 | D        | Killed a blink frog
  2699 | D        | Killed a death yak
  2700 | D        | Noticed a blink frog
  2700 | D        | Noticed a black mamba
  2701 | D        | Killed a death yak
  2702 | D        | Noticed a black mamba
  2721 | D        | Killed a blink frog
  2723 | D        | Killed a blink frog
  2728 | D        | Killed a death yak
  2728 | D        | Reached XP level 13. HP: 55/55 MP: 0/34
  2735 | D        | Noticed an azure jelly
  2735 | D        | Noticed an azure jelly
  2755 | D        | Killed a black mamba
  2768 | D        | Killed a black mamba
  2768 | D        | Reached skill level 21 in Stealth
  2917 | D        | Noticed a kraken
  2920 | D        | Noticed a snapping turtle
  3078 | D        | Killed a kraken
  3418 | D        | Noticed a snapping turtle
  3419 | D        | Noticed an alligator snapping turtle
  3419 | D        | Noticed an alligator snapping turtle
  3419 | D        | Noticed an alligator snapping turtle
  3419 | D        | Noticed a snapping turtle
  3419 | D        | Found Abov Kaet's Book Shoppe.
  3419 | D        | Found Xeyciq's Antique Weapon Boutique.
  3419 | D        | Found Oblitzokha's Food Shop.
  3420 | D        | Killed a snapping turtle
  3422 | D        | Killed an alligator snapping turtle
  3424 | D        | Killed an alligator snapping turtle
  3450 | D        | Killed an alligator snapping turtle
  3458 | D        | Killed a snapping turtle
  3510 | D        | Killed a snapping turtle
  3525 | D        | Got a barnacled rune of Zot
  3574 | D        | Noticed an elephant
  3574 | D        | Noticed an elephant
  3574 | D        | Noticed a dire elephant
  3574 | D        | Noticed a dire elephant
  3574 | D        | Noticed Gastronok
  3576 | D        | Killed Gastronok
  3577 | D        | Killed a dire elephant
  3579 | D        | Killed a dire elephant
  3583 | D        | Killed an elephant
  3585 | D        | Killed an elephant
  3585 | D        | Reached skill level 22 in Stealth
  3759 | D        | Noticed Wiglaf
  3759 | D        | Noticed Frances
  3761 | D        | Killed Wiglaf
  3763 | D        | Killed Frances
  3783 | D        | Noticed an orc high priest
  3783 | D        | Noticed an orc high priest
  3784 | D        | Noticed an orc priest
  3784 | D        | Noticed an orc high priest
  3785 | D        | Killed an orc high priest
  3786 | D        | Killed an orc high priest
  3788 | D        | Killed an orc priest
  3789 | D        | Killed an orc high priest
  3834 | D        | Noticed a spriggan defender
  3835 | D        | Noticed a spriggan defender
  3835 | D        | Noticed a spriggan defender
  3835 | D        | Noticed a spriggan defender
  3836 | D        | Killed a spriggan defender
  3837 | D        | Killed a spriggan defender
  3844 | D        | Killed a spriggan defender
  3845 | D        | Killed a spriggan defender
  3845 | D        | Reached skill level 10 in Earth Magic
  4020 | D        | Noticed a slime creature
  4022 | D        | Killed a slime creature
  4056 | D        | Noticed a centaur warrior
  4056 | D        | Noticed a hill giant
  4059 | D        | Killed a hill giant
  4061 | D        | Killed a centaur warrior
  4079 | D        | Noticed a slime creature
  4079 | D        | Noticed a fire dragon
  4081 | D        | Killed a slime creature
  4084 | D        | Killed a fire dragon
  4084 | D        | Reached skill level 10 in Ice Magic
  4097 | D        | Noticed a flail of venom
  4097 | D        | Noticed a morningstar of holy wrath
  4097 | D        | Noticed a mace of protection
  4098 | D        | Noticed a flail of crushing
  4099 | D        | Killed a morningstar of holy wrath
  4101 | D        | Killed a flail of crushing
  4247 | D        | Killed a flail of venom
  4489 | D        | Killed a mace of protection
  4499 | D        | Got a translucent rapier
  4501 | D        | Identified the +6 rapier of Omiselobb {antimagic, +Fly rC- Int+3 SInv} (You found it in the Dungeon)
  4635 | D        | Noticed an orange crystal statue
  4635 | D        | Noticed a skeletal warrior
  4650 | D        | Killed an orange crystal statue
  4650 | D        | Reached XP level 14. HP: 59/59 MP: 1/37
  4685 | D        | Killed a skeletal warrior
  4773 | D        | Found Zadauggea's Magic Scroll Emporium.
  4773 | D        | Found Zucem's Antique Weapon Shop.
  4773 | D        | Found Fyid's Distillery.
  4773 | D        | Found Apuag's Weapon Boutique.
  4773 | D        | Found Askal's Book Emporium.
  4773 | D        | Found Inlut's Magic Scroll Shop.
  4773 | D        | Found Ejuhuphe's Gadget Emporium.
  4773 | D        | Found Fuhae's Jewellery Boutique.
  4774 | D        | Found Lebun's Gadget Boutique.
  4774 | D        | Found Anaminnu's Food Shoppe.
  4774 | D        | Found Juwuania's Antique Armour Shop.
  4774 | D        | Found Foixtoj's Food Emporium.
  4811 | D        | Bought a scroll of identify for 26 gold pieces
  4811 | D        | Bought a scroll of identify for 26 gold pieces
  4811 | D        | Bought a scroll of identify for 26 gold pieces
  4811 | D        | Bought a scroll of identify for 26 gold pieces
  4811 | D        | Bought a scroll of identify for 26 gold pieces
  4811 | D        | Bought a scroll of identify for 26 gold pieces
  4872 | D        | Noticed a yaktaur
  4872 | D        | Noticed a yaktaur captain
  4873 | D        | Noticed a yaktaur captain
  4920 | D        | Found Plog's Book Boutique.
  4920 | D        | Noticed an orc priest
  4925 | D        | Noticed an orc warrior
  4932 | D        | Noticed an orc priest
  4932 | D        | Noticed an orc warrior
  4933 | D        | Killed an orc priest
  4934 | D        | Noticed an orc priest
  4950 | D        | Killed an orc priest
  4960 | D        | Killed an orc warrior
  4960 | D        | Reached skill level 23 in Stealth
  4965 | D        | Killed an orc priest
  4965 | D        | Killed an orc warrior
  4968 | D        | Noticed an orc wizard
  4980 | D        | Killed an orc wizard
  5133 | D        | Bought a book of Clouds for 540 gold pieces
  5137 | D        | Learned a level 3 spell: Mephitic Cloud
  5144 | D        | Learned a level 6 spell: Freezing Cloud
  5640 | D        | Noticed a deep elf priest
  5640 | D        | Noticed a deep elf summoner
  5640 | D        | Noticed a deep elf summoner
  5640 | D        | Noticed a deep elf conjurer
  5640 | D        | Noticed a deep elf knight
  5648 | D        | Noticed a deep elf demonologist
  5652 | D        | Killed a deep elf priest
  5664 | D        | Killed a deep elf summoner
  5666 | D        | Killed a deep elf knight
  5672 | D        | Killed a deep elf conjurer
  5672 | D        | Reached skill level 1 in Air Magic
  5672 | D        | Reached skill level 1 in Poison Magic
  5678 | D        | Killed a deep elf summoner
  5834 | D        | Noticed a deep elf demonologist
  5865 | D        | Noticed a deep elf high priest
  5868 | D        | Noticed a deep elf high priest
  5871 | D        | Killed a deep elf demonologist
  5872 | D        | Noticed a deep elf demonologist
  5877 | D        | Killed a deep elf high priest
  6013 | D        | Noticed a deep elf master archer
  6016 | D        | Noticed a deep elf annihilator
  6291 | D        | Killed a deep elf high priest
  6294 | D        | Killed a deep elf annihilator
  6302 | D        | Killed a deep elf demonologist
  6710 | D        | Shot with an arrow by a deep elf master archer

Vault maps used:
D:        dungeon_sprint_mu

Action                   |  1- 3 |  4- 6 |  7- 9 | 10-12 | 13-15 || total
-------------------------+-------+-------+-------+-------+-------++-------
Melee: Dagger            |     7 |    13 |    67 |    74 |    88 ||   249
       Rapier            |       |       |       |       |    75 ||    75
Throw: Throwing net      |       |       |       |       |     1 ||     1
 Cast: Ensorcelled Hiber |     4 |     3 |    44 |    30 |     7 ||    88
       Dazzling Spray    |       |     3 |     3 |    14 |    30 ||    50
       Tukima's Dance    |       |     1 |       |       |     2 ||     3
       Stoneskin         |       |       |     1 |     4 |     5 ||    10
       Confuse           |       |       |       |     2 |       ||     2
       Condensation Shie |       |       |       |     3 |     4 ||     7
       Stone Arrow       |       |       |       |    11 |    45 ||    56
       Passwall          |       |       |       |       |     9 ||     9
       Irradiate         |       |       |       |       |     1 ||     1
       Freezing Cloud    |       |       |       |       |     6 ||     6
Invok: Shadow Step       |       |       |       |    12 |     5 ||    17
  Use: Potion            |       |     4 |       |     1 |     3 ||     8
       Scroll            |       |     4 |       |       |     3 ||     7
 Stab: Sleeping          |     6 |     5 |    38 |    52 |    27 ||   128
       Invisible         |       |       |     1 |     2 |     5 ||     8
  Eat: Bread ration      |       |       |       |     1 |       ||     1
